 Dungeon Crawl Stone Soup version 0.21.1-72-gffa868e0fe (webtiles) character file.

120 Gunterle the Poker (level 5, -4/54 HPs)
             Began as an Ogre Gladiator on Aug 4, 2018.
             Slain by Blork the orc
             ... wielding a +0 war axe
              (9 damage)
             ... on level 4 of the Dungeon.
             The game lasted 00:11:39 (3841 turns).

Gunterle the Poker (Ogre Gladiator)                 Turns: 3841, Time: 00:11:40

Health: -4/54      AC:  5    Str: 18    XL:     5   Next: 4%
Magic:  5/5        EV: 11    Int: 10    God:
Gold:   63         SH:  0    Dex: 10    Spells: 4/4 levels left

rFire    . . .     SeeInvis .   a - +1 trident
rCold    . . .     Gourm    .   (no shield)
rNeg     . . .     Faith    .   A - +2 robe {MR+}
rPois    .         Spirit   .   c - +0 hat
rElec    .         Reflect  .   (no cloak)
rCorr    .         Harm     .   (gloves unavailable)
MR       +....                  (boots unavailable)
Stlth    +.........             (no amulet)
HPRegen  0.18/turn              (no ring)
MPRegen  0.09/turn              (no ring)

@: no status effects
A: large, unfitting armour, tough skin 1
a: no special abilities


You were on level 4 of the Dungeon.
You were not hungry.

You visited 1 branch of the dungeon, and saw 4 of its levels.

You collected 63 gold pieces.

Inventory:

Hand Weapons
 a - a +1 trident (weapon)
 s - a +2 flail of crushing
 y - a +0 spear
Missiles
 d - 3 throwing nets
 e - 20 sling bullets
 i - 12 bolts
 l - 59 stones (quivered)
 v - 5 tomahawks
Armour
 b - a +0 robe
 c - a +0 hat (worn)
 A - a +2 robe of magic resistance (worn)
Jewellery
 B - a +4 ring of evasion {unknown}
Scrolls
 g - 3 scrolls of teleportation {unknown}
 h - a scroll of enchant weapon
 m - a scroll of blinking
 n - 3 scrolls of identify {unknown}
 p - a scroll of fear {unknown}
 u - a scroll of amnesia {unknown}
 C - a scroll of enchant armour {unknown}
Potions
 j - a potion of degeneration {unknown}
 k - 2 potions of brilliance {unknown}
 o - 4 potions of curing {unknown}
 q - a potion of lignification {unknown}
 r - a potion of cancellation {unknown}
 t - a potion of heal wounds {unknown}
 w - a potion of invisibility {unknown}
 x - a potion of haste {unknown}
Comestibles
 f - 4 rations
 z - a chunk of flesh


   Skills:
 + Level 4.0 Fighting
 * Level 4.4 Polearms
 - Level 2.0 Throwing
 + Level 3.4 Dodging


You had 4 spell levels left.
You didn't know any spells.

Dungeon Overview and Level Annotations

Branches:
Dungeon (4/15)
 Temple: D:4-7

Altars:
Fedhas

Annotations:
D:3 1 runed door, Grinder
D:4 Blork the orc


Innate Abilities, Weirdness & Mutations

You are too large for most types of armour.
You have tough skin. (AC +1)


Message History

The puff of flame misses you.
Blork the orc screams, "I'll drink your blood!
Soon!"
Blork the orc gestures at you while chanting.
The magic dart hits you!
Blork the orc looks satisfied for a moment.
Blork the orc gestures wildly while chanting.
Blork the orc seems to speed up.
Blork the orc mumbles some strange words.
Blork the orc flickers and vanishes!
Deactivating autopickup; reactivate with Ctrl-A.
A puff of flame appears from out of thin air!
The puff of flame hits you!
Something unseen opens the door.
A puff of frost appears from out of thin air!
The puff of frost hits you!
* * * LOW HITPOINT WARNING * * *
Something hits you!
* * * LOW HITPOINT WARNING * * *
Something hits you!
You die...

#...#..............#
#.#......###.......#
#..................#
#.#..>#####........#
#.#...# #^########
#.'...# #.# #.#...#
#.# #.###.#####.#
#.###..@<...#
#...######### #...#
#...# #...# #.###
#.# #.# #.#


There were no monsters in sight!

Vanquished Creatures
  3 adders
  5 worms
  2 dart slugs (D:1)
  2 leopard geckos (D:2)
  4 bats
  6 giant cockroaches
  10 goblins
  10 hobgoblins
  2 jackals (D:3)
  8 kobolds
  4 quokkas
  4 frilled lizards
  8 rats
68 creatures vanquished.

Notes
Turn   | Place    | Note
-------+----------+-------------------------------------------
     0 | D:1      | Gunterle the Ogre Gladiator began the quest for the Orb.
     0 | D:1      | Reached XP level 1. HP: 22/22 MP: 1/1
   138 | D:1      | Reached XP level 2. HP: 20/31 MP: 2/2
   577 | D:1      | Reached XP level 3. HP: 36/37 MP: 3/3
   953 | D:2      | Found a blossoming altar of Fedhas.
  1880 | D:2      | Reached XP level 4. HP: 40/46 MP: 4/4
  2837 | D:3      | Found a runed door.
  2989 | D:3      | Noticed Grinder
  3429 | D:3      | Reached XP level 5. HP: 51/54 MP: 5/5
  3797 | D:4      | Noticed Blork the orc
  3841 | D:4      | Slain by Blork the orc

Skill      XL: |  1  2  3  4 |
---------------+-------------+-----
Fighting       | 3 4 |  4.0
Dodging        | 3 |  3.4
Polearms       | 4 |  4.4
Throwing       | |  2.0

Action                   |  1- 3 |  4- 6 || total
-------------------------+-------+-------++-------
Melee: Trident           |   147 |    95 ||   242
Throw: Stone             |    31 |    11 ||    42
  Use: Scroll            |       |     4 ||     4
 Stab: Sleeping          |       |     1 ||     1
  Eat: Chunk             |     3 |     3 ||     6
       Ration            |       |     1 ||     1
Armor: Robe              |    26 |    15 ||    41
Dodge: Dodged            |    52 |    50 ||   102
